 Dungeon Crawl Stone Soup version 0.22.1-1-ga44c0e5 (webtiles) character file.

63826 Fang the Severer (level 15, -16/145 HPs)
             Began as a Gargoyle Berserker on Nov 1, 2018.
             Was a High Priest of Trog.
             Demolished by a titanic slime creature (68 damage)
             ... on level 12 of the Dungeon on Nov 8, 2018.
             The game lasted 00:33:28 (19786 turns).

Fang the Severer (Gargoyle Berserker)              Turns: 19786, Time: 00:33:29

Health: -16/145    AC: 23    Str: 28    XL:     15   Next: 11%
Magic:  15/15      EV: 14    Int:  9    God:    Trog [*****.]
Gold:   1053       SH:  0    Dex:  9    Spells: 14/14 levels left

rFire    + . .     SeeInvis +   K - +3 battleaxe (venom)
rCold    + + .     Gourm    .   (shield currently unavailable)
rNeg     + + +     Faith    .   P - +1 ring mail "Cooge" {rC++ rN+++ Regen+ Str-3}
rPois    ∞         Spirit   .   (no helmet)
rElec    +         Reflect  .   (no cloak)
rCorr    .         Harm     .   (no gloves)
MR       +....                  i - -1 pair of boots "Denlauj" {rElec}
Stlth    ..........             D - amulet of magic regeneration
HPRegen  0.74/turn              J - ring of see invisible
MPRegen  0.39/turn              y - +4 ring of protection

@: berserking, flying, starving, very quick
A: big wings, blink, fire resistance 1, negative energy resistance 1,
electricity resistance, unbreathing, petrification resistance, rot immunity,
MP-powered wands, AC +11
a: Stop Flying, Blink, Berserk, Trog's Hand, Brothers in Arms, Renounce Religion


You were on level 12 of the Dungeon.
You worshipped Trog.
Trog was extremely pleased with you.
You were starving.

You visited 3 branches of the dungeon, and saw 21 of its levels.

You collected 1237 gold pieces.
You spent 184 gold pieces at shops.

Inventory:

Hand Weapons
 o - a +4 antimagic battleaxe
 z - a +3 war axe of flaming
 K - a +3 battleaxe of venom (weapon)
 L - a +4 vampiric executioner's axe
Armour
 i - the -1 pair of boots "Denlauj" (worn) {rElec}
   (You found it on level 7 of the Dungeon)

   It insulates you from electricity.
 F - +1 steam dragon scales
 O - the +0 plate armour "Erehetew" {rC+}
   (You found it on level 4 of the Lair of Beasts)

   It protects you from cold.
 P - the +1 ring mail "Cooge" (worn) {rC++ rN+++ Regen+ Str-3}
   (You found it on level 6 of the Lair of Beasts)

   It affects your strength (-3).
   It greatly protects you from cold.
   It renders you almost immune to negative energy.
   It increases your rate of regeneration.
Jewellery
 u - an uncursed ring of stealth
 y - a +4 ring of protection (right hand)
 D - an amulet of magic regeneration (around neck)
 J - a ring of see invisible (left hand)
 Q - an uncursed ring of protection from cold
Wands
 a - a wand of acid (12)
 d - a wand of enslavement (32)
 f - a wand of paralysis (11)
 m - a wand of digging (32)
 s - a wand of iceblast (23)
 C - a wand of disintegration (36)
 G - a wand of random effects (15)
Scrolls
 g - 9 scrolls of remove curse
 j - 5 scrolls of fear
 l - 6 scrolls of teleportation
 B - a scroll of blinking
 I - 6 scrolls of fog
 M - a scroll of magic mapping
 N - a scroll of brand weapon
Potions
 b - 5 potions of brilliance
 e - 3 potions of lignification
 h - 7 potions of haste {unknown}
 k - 5 potions of heal wounds {unknown}
 n - a potion of ambrosia
 p - 3 potions of magic
 r - 3 potions of agility
 t - 4 potions of might
 x - a potion of invisibility {unknown}
 A - a potion of resistance
 E - 10 potions of curing {unknown}
Miscellaneous
 q - a phial of floods
 H - a sack of spiders
Comestibles
 c - 41 rations


   Skills:
 + Level 12.8 Fighting
 + Level 17.2 Axes
 + Level 10.1 Armour
 + Level 7.8 Dodging
 + Level 4.6 Stealth


You had 14 spell levels left.
You didn't know any spells.
Your spell library was empty.

Dungeon Overview and Level Annotations

Branches:
Dungeon (14/15)            Temple (1/1) D:6            Lair (6/6) D:9
  Swamp (0/4) Lair:3       Spider (0/4) Lair:2        Slime (0/5) Lair:6
    Orc: D:9-12      Vaults: D:13-14

Altars:
Cheibriados
Dithmenos
Elyvilon
Fedhas
Gozag
Hepliaklqana
Kikubaaqudgha
Okawaru
Qazlal
Ru
Sif Muna
Vehumet
Yredelemnul
Zin
The Shining One

Shops:
D:6 *   D:7 =

Annotations:
D:13 exclusion: ice statue
Lair:1 3 runed doors, phasv2's ghost, novice TrMo


Innate Abilities, Weirdness & Mutations

You are resistant to torment.
Your stone body is resilient. (AC +11)
You are immune to poison.
Your large and strong wings let you fly indefinitely.
You resist negative energy. (rN+)
You are resistant to electric shocks. (rElec)
You can survive without breathing.
You are immune to petrification.
You are immune to rotting.
You can translocate small distances at will.
Your flesh is heat resistant. (rF+)
You expend magic power (3 MP) to strengthen your wands.


Message History

You are too injured to fight recklessly!
You are too injured to fight recklessly!
You are too injured to fight recklessly!
You are too injured to fight recklessly!
You are too injured to fight recklessly!
You are too injured to fight recklessly!
You are too injured to fight recklessly!
You are too injured to fight recklessly!
You are too injured to fight recklessly!
You are too injured to fight recklessly!
You are too injured to fight recklessly!
You are too injured to fight recklessly!
You are too injured to fight recklessly!
You are too injured to fight recklessly!
Unknown command.
A red film seems to cover your vision as you go berserk!
You feel yourself moving faster!
You feel mighty!
You are starving!
The titanic slime creature hits you!!!
You die...

.. #.# #.# ### ..# #.#
#(#### ## #.##.. #..
#J##.# #.# #J##.# #.#
#@##.# #.# #....# #.#
####.# ####.## #.#
#....=. #####.# #.##.##
#.....#######.##.## .
#.###............##
....##.###########.#####
#..................>.#


You could see a titanic slime creature and a slime creature.

Vanquished Creatures
  Fannar (D:12)
  3 hydras
  Erolcha (D:12)
  A merfolk avatar (Lair:6)
  3 two-headed ogres
  A centaur warrior (D:13)
  Erica (D:11)
  A queen ant (Lair:2)
  7 death yaks
  2 unseen horrors
  A sea snake (Lair:6)
  Pikel (D:6)
  A harpy (Lair:6)
  A cyclops (D:13)
  7 ugly things
  3 manticores
  17 elephants
  Maurice (D:8)
  A black mamba (Lair:5)
  Joseph (D:8)
  15 spiny frogs
  A centaur skeleton (D:13)
  A gargoyle (D:11)
  6 komodo dragons
  3 rime drakes (Lair:6)
  A queen bee (Lair:2)
  6 polar bears
  2 trolls
  A hornet (Lair:6)
  2 slime creatures (Lair:6)
  5 blink frogs (Lair:4)
  5 hippogriffs
  Prince Ribbit (D:8)
  7 dream sheep (Lair:6)
  3 shadows
  43 yaks
  5 water elementals (D:13)
  A wraith (D:10)
  Eustachio (D:5)
  A basilisk (Lair:3)
  8 wyverns
  A hungry ghost (D:10)
  A steam dragon (D:9)
  8 soldier ants
  14 water moccasins
  7 porcupines
  An eye of draining (D:13)
  2 black bears (Lair:3)
  4 ice beasts
  2 phantoms
  A sky beast (D:6)
  9 ogres
  5 centaurs
  11 wolves
  2 big kobolds
  10 crocodiles
  22 bullfrogs
  2 wyvern skeletons (D:13)
  A water moccasin skeleton (D:8)
  3 scorpions
  23 killer bees (Lair:2)
  12 wights
  8 electric eels
  4 howler monkeys
  5 crimson imps
  2 bullfrog zombies
  A quasit (D:11)
  8 jellies
  3 centaur zombies
  A gnoll shaman (D:6)
  6 orc priests
  9 hounds
  3 iguanas
  11 orc wizards
  Ijyb (D:4)
  Natasha (twice) (D:4)
  36 worker ants
  4 hell rats (Lair:4)
  A killer bee zombie (D:9)
  2 hound zombies
  A hound skeleton (D:4)
  A worker ant zombie (D:9)
  12 gnolls
  13 adders
  7 shadow imps
  3 oozes
  An adder zombie (D:9)
  3 adder skeletons
  3 worms
  3 dart slugs
  7 leopard geckos
  34 orcs
  A ball python (D:1)
  5 giant cockroaches
  4 goblins
  5 hobgoblins
  16 jackals
  4 quokkas
  4 bats
  8 frilled lizards
  21 kobolds
  A quokka zombie (D:9)
  12 rats
  4 fungi
  3 plants
597 creatures vanquished.

Vanquished Creatures (collateral kills)
  2 hydras
  A death yak (Lair:6)
  Sonja (D:11)
  A manticore (Lair:6)
  A cyclops (D:10)
  An eye of devastation (shapeshifter) (D:14)
  A hornet (Lair:6)
  A polar bear (Lair:6)
  A wyvern (D:14)
  An ogre (D:10)
  A centaur (D:14)
  3 wights (D:10)
  An orc (D:10)
  A jackal (D:11)
17 creatures vanquished.

Vanquished Creatures (others)
  A slave (D:6)
  A human (D:10)
  An orc wizard (D:6)
  A shadow imp (D:6)
  An ooze (D:4)
  5 orcs
  5 fungi
  11 plants
26 creatures vanquished.

Grand Total: 640 creatures vanquished

Notes
Turn   | Place    | Note
-------+----------+-------------------------------------------
     0 | D:1      | Fang the Gargoyle Berserker began the quest for the Orb.
     0 | D:1      | Reached XP level 1. HP: 14/14 MP: 1/1
    82 | D:1      | Reached XP level 2. HP: 12/19 MP: 2/2
    88 | D:1      | Reached skill level 3 in Axes
   387 | D:1      | Reached XP level 3. HP: 18/24 MP: 3/3
   563 | D:1      | Reached ** piety under Trog
   690 | D:2      | Found a radiant altar of Vehumet.
   700 | D:2      | Found a white marble altar of Elyvilon.
   974 | D:2      | Reached XP level 4. HP: 18/29 MP: 4/4
  1470 | D:3      | Noticed a bullfrog
  1490 | D:3      | Killed a bullfrog
  1490 | D:3      | Reached skill level 4 in Axes
  1490 | D:3      | Reached XP level 5. HP: 26/33 MP: 5/5
  1704 | D:3      | Reached *** piety under Trog
  1706 | D:3      | Reached skill level 5 in Axes
  1706 | D:3      | Reached XP level 6. HP: 38/38 MP: 6/6
  2089 | D:3      | Found a shadowy altar of Dithmenos.
  2092 | D:3      | Found a blossoming altar of Fedhas.
  2388 | D:3      | Found a glowing golden altar of the Shining One.
  2744 | D:3      | Found a deep blue altar of Sif Muna.
  2744 | D:3      | Found a hazy altar of Hepliaklqana.
  2745 | D:3      | Found a sacrificial altar of Ru.
  2746 | D:3      | Found a stormy altar of Qazlal.
  2747 | D:3      | Found an iron altar of Okawaru.
  2748 | D:3      | Found a glowing silver altar of Zin.
  2881 | D:4      | Noticed an ice beast
  2886 | D:4      | Killed an ice beast
  2961 | D:4      | Reached XP level 7. HP: 42/44 MP: 7/7
  2987 | D:4      | Noticed Ijyb
  3019 | D:4      | Killed Ijyb
  3434 | D:4      | Noticed Natasha
  3450 | D:4      | Killed Natasha
  3463 | D:4      | Noticed Natasha
  3470 | D:4      | Killed Natasha
  3813 | D:4      | Reached **** piety under Trog
  3813 | D:4      | Reached skill level 6 in Axes
  3993 | D:4      | Reached skill level 5 in Fighting
  4360 | D:5      | Entered Level 5 of the Dungeon
  4466 | D:5      | Reached XP level 8. HP: 47/49 MP: 8/8
  4646 | D:5      | Noticed Eustachio
  4698 | D:5      | Killed Eustachio
  4698 | D:5      | Reached skill level 1 in Stealth
  4990 | D:5      | Reached skill level 7 in Axes
  5363 | D:6      | Found a staircase to the Ecumenical Temple.
  5392 | Temple   | Entered the Ecumenical Temple
  5401 | D:6      | Found Zajeos's Assorted Antiques.
  5401 | D:6      | Noticed Pikel
  5412 | D:6      | Killed Pikel
  5412 | D:6      | Reached skill level 8 in Axes
  5412 | D:6      | Reached skill level 5 in Armour
  5412 | D:6      | Reached XP level 9. HP: 55/55 MP: 9/9
  5555 | D:6      | Bought a glowing war axe for 162 gold pieces
  5555 | D:6      | Bought a lumpy coppery potion for 22 gold pieces
  6250 | D:7      | Reached ***** piety under Trog
  6250 | D:7      | Reached skill level 9 in Axes
  6360 | D:7      | Got a pair of spiked boots
  6366 | D:7      | Identified the cursed -1 pair of boots "Denlauj" {rElec}
                  | (You found it on level 7 of the Dungeon)
  6458 | D:7      | Found Casius's Jewellery Shop.
  6618 | D:8      | Noticed a two-headed ogre
  6628 | D:8      | Reached XP level 10. HP: 61/61 MP: 10/10
  6629 | D:8      | Killed a two-headed ogre
  6629 | D:8      | Reached skill level 10 in Axes
  6878 | D:8      | Noticed Joseph
  6881 | D:8      | Found a basalt altar of Yredelemnul.
  6885 | D:8      | Noticed Prince Ribbit
  6896 | D:8      | Killed Joseph
  6906 | D:8      | Killed Prince Ribbit
  6969 | D:8      | Noticed a two-headed ogre
  6977 | D:8      | Killed a two-headed ogre
  6977 | D:8      | Reached skill level 11 in Axes
  7147 | D:8      | Found a snail-covered altar of Cheibriados.
  7270 | D:8      | Noticed Maurice
  7277 | D:8      | Killed Maurice
  7480 | D:9      | Reached skill level 5 in Dodging
  7533 | D:9      | Reached XP level 11. HP: 67/67 MP: 11/11
  7617 | D:9      | Found a staircase to the Lair.
  8133 | D:9      | Reached skill level 12 in Axes
  8290 | D:10     | Entered Level 10 of the Dungeon
  8396 | D:10     | Noticed a brown ugly thing
  8408 | D:10     | Killed a brown ugly thing
  8408 | D:10     | Received a gift from Trog
  8552 | D:10     | Noticed a cyclops
  8567 | D:10     | Killed a cyclops
  8937 | D:10     | Noticed a cyan ugly thing
  8951 | D:10     | Killed a cyan ugly thing
  9249 | D:10     | Found an ancient bone altar of Kikubaaqudgha.
  9613 | Lair:1   | Entered Level 1 of the Lair of Beasts
  9623 | Lair:1   | Noticed a four-headed hydra
  9633 | Lair:1   | Killed a seven-headed hydra
  9633 | Lair:1   | Reached skill level 13 in Axes
  9719 | Lair:1   | Reached XP level 12. HP: 63/76 MP: 12/12
 10439 | Lair:1   | Noticed phasv2's ghost (novice TrMo)
 10440 | Lair:1   | Found a runed gate.
 10440 | Lair:1   | Found a runed gate.
 10441 | Lair:1   | Found a runed gate.
 10821 | Lair:2   | Noticed a five-headed hydra
 10831 | Lair:2   | Killed a six-headed hydra
 10982 | Lair:2   | Noticed a queen ant
 10995 | Lair:2   | Killed a queen ant
 11180 | Lair:2   | Found a hole to the Spider Nest.
 11235 | Lair:2   | Reached skill level 14 in Axes
 11257 | Lair:2   | Reached ****** piety under Trog
 12085 | Lair:3   | Found a staircase to the Swamp.
 12108 | Lair:3   | Received a gift from Trog
 12458 | Lair:3   | Noticed a five-headed hydra
 12467 | Lair:3   | Killed a two-headed hydra
 12467 | Lair:3   | Reached skill level 10 in Fighting
 12931 | Lair:4   | Reached XP level 13. HP: 77/82 MP: 13/13
 13055 | Lair:4   | Found a frozen archway.
 13147 | Lair:4   | Got a faintly humming plate armour
 13158 | Lair:4   | Identified the cursed +0 plate armour "Erehetew" {rC+} (You
                  | found it on level 4 of the Lair of Beasts)
 13582 | Lair:4   | Reached skill level 15 in Axes
 14934 | Lair:6   | Entered Level 6 of the Lair of Beasts
 15490 | Lair:6   | Received a gift from Trog
 15834 | Lair:6   | Gained mutation: Your large and strong wings let you fly
                  | indefinitely. [Gargoyle growth]
 15834 | Lair:6   | Reached XP level 14. HP: 89/90 MP: 14/14
 15837 | Lair:6   | Reached skill level 16 in Axes
 16582 | Lair:6   | Got a bloodstained ring mail
 16593 | Lair:6   | Identified the cursed +1 ring mail "Cooge" {rC++ rN+++
                  | Regen+ Str-3} (You found it on level 6 of the Lair of
                  | Beasts)
 16887 | Lair:6   | Found a staircase to the Slime Pits.
 17425 | D:11     | Noticed Sonja
 17460 | D:11     | Noticed Erica
 17471 | D:11     | Killed Erica
 17564 | D:11     | Reached skill level 10 in Armour
 17661 | D:11     | Received a gift from Trog
 17948 | D:11     | Killed Sonja
 18245 | D:12     | Noticed Fannar
 18264 | D:12     | Killed Fannar
 18267 | D:12     | Noticed Erolcha
 18274 | D:12     | Killed Erolcha
 18495 | D:12     | You are sucked into a shaft for 2 floors!
 18582 | D:13     | Reached skill level 17 in Axes
 18960 | D:13     | Reached XP level 15. HP: 97/97 MP: 15/15
 19230 | D:13     | Gained mutation: Potions are less effective at restoring
                  | your health. [potion of mutation]
 19230 | D:13     | Gained mutation: You tend to lose your temper in combat.
                  | [potion of mutation]
 19230 | D:13     | Gained mutation: You are agile. (Dex +2) [potion of
                  | mutation]
 19231 | D:13     | Lost mutation: You tend to lose your temper in combat.
                  | [potion of mutation]
 19231 | D:13     | Gained mutation: Your spells are a little easier to cast,
                  | but a little less powerful. [potion of mutation]
 19231 | D:13     | Lost mutation: Your spells are a little easier to cast, but
                  | a little less powerful. [potion of mutation]
 19232 | D:13     | Lost mutation: You are agile. (Dex +2) [potion of mutation]
 19232 | D:13     | Lost mutation: Potions are less effective at restoring your
                  | health. [potion of mutation]
 19232 | D:13     | Gained mutation: You expend magic power (3 MP) to
                  | strengthen your wands. [potion of mutation]
 19232 | D:13     | Gained mutation: Your flesh is heat resistant. (rF+)
                  | [potion of mutation]
 19232 | D:13     | Gained mutation: You can translocate small distances at
                  | will. [potion of mutation]
 19757 | D:12     | Found a blossoming altar of Fedhas.
 19786 | D:12     | Demolished by a titanic slime creature

Skill      XL: |  1  2  3  4  5  6  7  8  9 10 11 12 13 14 |
---------------+-------------------------------------------+-----
Axes           | 3 4 5 6 8 9 11 13 14 15 17 | 17.2
Dodging        | 2 3 4 5 6 7 |  7.8
Fighting       | 4 5 6 7 9 10 11 12 | 12.8
Armour         | 4 5 6 7 8 10 | 10.1
Stealth        | 1 2 3 4 |  4.6

Action                   |  1- 3 |  4- 6 |  7- 9 | 10-12 | 13-15 || total
-------------------------+-------+-------+-------+-------+-------++-------
Melee: Hand axe          |   131 |   166 |   400 |       |       ||   697
       War axe           |       |       |    77 |   257 |   151 ||   485
       Battleaxe         |       |       |       |   261 |   578 ||   839
Invok: Berserk           |     2 |     4 |     3 |     8 |     8 ||    25
       Brothers in Arms  |       |       |       |     3 |     5 ||     8
 Abil: Fly               |       |       |       |       |     1 ||     1
  Use: Scroll            |       |       |    13 |     4 |    14 ||    31
       Potion            |       |       |       |       |     4 ||     4
 Stab: Sleeping          |       |       |     1 |     5 |     3 ||     9
       Distracted        |       |       |     1 |     1 |       ||     2
  Eat: Chunk             |     2 |     3 |    15 |    27 |    23 ||    70
       Ration            |       |     2 |       |     1 |     2 ||     5
Armor: Animal skin       |    44 |    42 |       |       |       ||    86
       Scale mail        |       |    28 |   273 |    69 |       ||   370
       Steam dragon scal |       |       |       |   162 |     8 ||   170
       Plate armour      |       |       |       |       |   335 ||   335
       Ring mail         |       |       |       |       |   158 ||   158
Dodge: Dodged            |    97 |   116 |   321 |   418 |   487 ||  1439
